 Dungeon Crawl Stone Soup version 0.29-a0-322-g68df515428 (webtiles) character file.

Game seed: 4828730633976206695

4 calli0pe the Ducker (level 1, -1/10 HPs)
             Began as a Felid Berserker on Apr 8, 2022.
             Was a Follower of Trog.
             Slain by a hobgoblin (3 damage)
             ... on level 1 of the Dungeon.
             The game lasted 00:00:25 (81 turns).

calli0pe the Ducker (Felid Berserker)                 Turns: 81, Time: 00:00:25

Health: -1/10      AC:  1    Str: 13    XL:     1   Next: 58%
Magic:  2/2        EV: 18    Int:  8    God:    Trog [*.....]
Gold:   0          SH:  0    Dex: 15    Spells: 0/0 levels left
                                        Lives:  0   Deaths: 0

rFire   . . .      SeeInvis +     - Unarmed
rCold   . . .      Faith    .   (shield unavailable)
rNeg    . . .      Spirit   .   (body armour unavailable)
rPois   .          Reflect  .   (helmet unavailable)
rElec   .          Harm     .   (cloak unavailable)
rCorr   .          Rampage  .   (gloves unavailable)
Will    .....                   (boots unavailable)
Stlth   +.........              (no amulet)
HPRegen 0.03/turn               (no ring)
MPRegen 0.08/turn               (no ring)

@: quick
A: very small, claws 1, fangs 3, see invisible, speed 1, shaggy fur 1, stealthy
paws, no weapons or thrown items, no armour, multi-lived
a: Renounce Religion, Berserk


You were on level 1 of the Dungeon.
You worshipped Trog.
Trog was aware of your devotion.
You visited 1 branch of the dungeon, and saw 1 of its levels.

You aren't carrying anything.


   Skills:
 + Level 3.1 Fighting
 + Level 4.1 Dodging
 + Level 3.1 Unarmed Combat


You couldn't memorise any spells.
You didn't know any spells.
Your spell library was empty.

Dungeon Overview and Level Annotations

Branches:
Dungeon (1/15)

Altars:


Innate Abilities, Weirdness & Mutations

You have sharp claws.
You have razor-sharp teeth.
You have supernaturally acute eyesight. (SInv)
You cover ground quickly. (Speed+)
You are covered in fur. (AC +1)
Your paws help you pounce on unaware monsters.
You are incapable of wielding weapons or throwing items.
You cannot wear armour.
You gain extra lives every three experience levels.


Message History

You see here a +0 dagger.
You miss the bat. Your bite misses the bat.
The bat hits you but does no damage.
You closely miss the bat. Your claw misses the bat. The bat closely misses you.
The bat misses you. The bat barely misses you.
The bat hits you but does no damage. The bat completely misses you.
You barely miss the bat. The bat closely misses you.
The bat hits you but does no damage.
You closely miss the bat. The bat misses you.
You scratch the bat.
You kill the bat!
Trog accepts your kill.
Found a glowing red potion and 15 stones.
A kobold comes into view. It is wielding a +0 short sword.
The kobold shouts!
Found a stone staircase leading down.
The kobold barely misses you.
You barely miss the kobold. The kobold closely misses you.
You scratch the kobold but do no damage.
A hobgoblin comes into view.
The kobold misses you.
You claw the kobold!
You kill the kobold!
Trog accepts your kill.
You see here a +0 short sword.
Found a stone staircase leading down.
The hobgoblin misses you. The hobgoblin closely misses you.
You barely miss the hobgoblin. You bite the hobgoblin.
The hobgoblin is lightly wounded.
The hobgoblin misses you.
You scratch the hobgoblin.
The hobgoblin is heavily wounded.
The hobgoblin hits you.
* * * LOW HITPOINT WARNING * * *
You completely miss the hobgoblin.
The hobgoblin is heavily wounded.
The hobgoblin hits you.
You die...

#.....#
.#...##
.....>. .....
#...#####
#....>..
#....#
######.@g.###
............#
#####.......#
#..)....#
###.......###
#...?.......#
#.#.......#.##
#.#.......#..
##(###...###.#


You could see a hobgoblin.

Vanquished Creatures
  An endoplasm (D:1)
  A goblin (D:1)
  A kobold (D:1)
  A bat (D:1)
4 creatures vanquished.

Notes
Turn   | Place    | Note
-------+----------+-------------------------------------------
     0 | D:1      | calli0pe the Felid Berserker began the quest for the Orb.
     0 | D:1      | Reached XP level 1. HP: 10/10 MP: 2/2
    81 | D:1      | Slain by a hobgoblin

Illustrated notes

Levels and vault maps discovered:
D:1:      eino_arrival_tree_alley, layout_loops_ring

Action                   || total
-------------------------++-------
Melee: Unarmed           ||    18
       Bite              ||     1
Armor: Skin              ||     4
Dodge: Dodged            ||    19

Table legend: (Time is in decaauts)
 A = Elapsed time spent in this place.
 B = Non-inter-level travel time spent in this place.
 C = Inter-level travel time spent in this place.
 D = Time resting spent in this place.
 E = Time spent auto-exploring this place.
 F = Levels seen in this place.
 G = Mean time per level.
                   A        B        C        D        E       F      G
               +--------+--------+--------+--------+--------+-----+--------+
         Total |     66 |     66 |      0 |      0 |      0 |   1 |   66.0 |
       Dungeon |     66 |     66 |      0 |      0 |      0 |   1 |   66.0 |
               +--------+--------+--------+--------+--------+-----+--------+

Top non-repeatable levels by time:
     D:1: 66 daAuts
